 Dungeon Crawl Stone Soup version 0.29-a0-111-gbaf749a769 (webtiles) character file.

Game seed: 12287419923996099275

24 drugrobin the Covered (level 2, 26/26 HPs)
             Began as a Demigod Fighter on Feb 17, 2022.
             Quit the game on level 1 of the Dungeon.
             The game lasted 00:01:07 (945 turns).

drugrobin the Covered (Demigod Fighter)              Turns: 945, Time: 00:01:07

Health: 26/26      AC:  6    Str: 17    XL:     2   Next: 60%
Magic:  4/4        EV:  9    Int: 10    God:
Gold:   78         SH:  4    Dex: 13    Spells: 1/1 levels left

rFire   . . .      SeeInvis .   a - +0 trident
rCold   . . .      Faith    .   c - +0 buckler
rNeg    . . .      Spirit   .   b - +0 scale mail
rPois   .          Reflect  .   (no helmet)
rElec   .          Harm     .   (no cloak)
rCorr   .          Rampage  .   (no gloves)
Will    .....                   (no boots)
Stlth   ..........              (no amulet)
HPRegen 0.08/turn               (no ring)
MPRegen 0.09/turn               (no ring)

@: no status effects
A: high MP 1, forlorn, divine attributes
a: no special abilities


You were on level 1 of the Dungeon.
You visited 1 branch of the dungeon, and saw 1 of its levels.

You collected 78 gold pieces.

Inventory:

Hand Weapons
 a - a +0 trident (weapon)
Armour
 b - a +0 scale mail (worn)
 c - a +0 buckler (worn)
Scrolls
 e - 2 scrolls of teleportation {unknown}
Potions
 d - a potion of might


   Skills:
 + Level 3.0 Fighting
 + Level 2.1 Polearms
 + Level 3.0 Armour
 - Level 2.9 Shields


You had one spell level left.
You didn't know any spells.
Your spell library was empty.

Dungeon Overview and Level Annotations

Branches:
Dungeon (1/15)


Innate Abilities, Weirdness & Mutations

You have an increased reservoir of magic. (+10% MP)
You shall have no god before yourself.
Your divine heritage dramatically boosts your attributes as you level up.


Message History

You see here a +0 robe.
You open the door.
There is an open door here.
You now have 54 gold pieces (gained 12).
Found a stone staircase leading down.
A goblin comes into view. It is wielding a +0 club.
The goblin shouts!
A rat comes into view.
Found 13 gold pieces.
The goblin hits you with a +0 club.
You hit the goblin but do no damage. The goblin hits you with a +0 club.
You closely miss the goblin. The goblin hits you with a +0 club.
The goblin hits you but does no damage.
You miss the goblin. The goblin hits you but does no damage.
The rat barely misses you.
You puncture the goblin!
You kill the goblin!
The rat bites you but does no damage.
Your Fighting skill increases to level 3!
The rat barely misses you.
You see here a +0 club.
You puncture the rat!
You kill the rat!
You see here a rat corpse.
You now have 67 gold pieces (gained 13).
You now have 78 gold pieces (gained 11).
There is an open door here.
Key pressed, stopping explore.
You open the door.
There is an open door here.
Things that are here:
a +0 short sword; a kobold skeleton
Found a hand axe.
Done exploring.
Done exploring.
Done exploring.
Done exploring.
Okay, then.
Unknown command.
Are you sure you want to abandon this character and quit the game? (Confirm with "yes".)

#########. #########.....##..
#...>.............
#.................
######................. ####
##...##................. ...#
##..........#............ ...#
#........................
...######...)...@................
.................................
...#######..........##.#.8.8.....
...# ##...##...#...†.#+#..###
#.## ##########.....#.#...# #.#
#...###.###.# #.#
##############...#8...8#.# ..#
#............)...#.._..#.# ..#
#.........####...#8...8#.#


There were no monsters in sight!

Vanquished Creatures
  A dart slug (D:1)
  A bat (D:1)
  An endoplasm (D:1)
  A goblin (D:1)
  A hobgoblin (D:1)
  4 jackals (D:1)
  2 quokkas (D:1)
  6 kobolds (D:1)
  2 rats (D:1)
19 creatures vanquished.

Notes
Turn   | Place    | Note
-------+----------+-------------------------------------------
     0 | D:1      | drugrobin the Demigod Fighter began the quest for the Orb.
     0 | D:1      | Reached XP level 1. HP: 18/18 MP: 3/3
   355 | D:1      | Reached XP level 2. HP: 16/25 MP: 4/4
   945 | D:1      | Quit the game

Illustrated notes

Levels and vault maps discovered:
D:1:      tarquinn_simple_flora_water_b, layout_rooms,
          dreamdust_ecumenical_altar_angels_and_demons, serial_park_tiny_1,
          nrook_mini_backslash

Skill      XL: |  1  2 |
---------------+-------+-----
Polearms       | 2 |  2.1
Armour         | 3 |  3.0
Fighting       | 3 |  3.0
Shields        | |  2.9

Action                   || total
-------------------------++-------
Melee: Trident           ||    73
Armor: Scale mail        ||    29
Dodge: Dodged            ||    31
Block: Buckler           ||    19

Table legend: (Time is in decaauts)
 A = Elapsed time spent in this place.
 B = Non-inter-level travel time spent in this place.
 C = Inter-level travel time spent in this place.
 D = Time resting spent in this place.
 E = Time spent auto-exploring this place.
 F = Levels seen in this place.
 G = Mean time per level.
                   A        B        C        D        E       F      G
               +--------+--------+--------+--------+--------+-----+--------+
         Total |    962 |    957 |      5 |      0 |    788 |   1 |  962.0 |
       Dungeon |    962 |    957 |      5 |      0 |    788 |   1 |  962.0 |
               +--------+--------+--------+--------+--------+-----+--------+

Top non-repeatable levels by time:
     D:1: 962 daAuts
